 Dungeon Crawl Stone Soup version 0.19.5 (webtiles) character file.

366 miragecloak the Poker (level 7, 0/52 HPs)
             Began as a Formicid Abyssal Knight on Apr 18, 2017.
             Was a Priest of Lugonu.
             Slain by an ogre
             ... wielding a +0 giant spiked club
              (16 damage)
             ... on level 4 of the Dungeon.
             The game lasted 00:06:12 (4922 turns).

miragecloak the Poker (Formicid Abyssal Knight)     Turns: 4922, Time: 00:06:13

Health: 0/52       AC:  4    Str: 17    XL:     7   Next: 0%
Magic:  11/11      EV: 11    Int: 11    God:    Lugonu [***...]
Gold:   176        SH:  0    Dex: 12    Spells: 0 memorised, 6 levels left

rFire  + . .     SeeInvis +     a - +1 spear
rCold  . . .     Gourm    +     u - +1 leather armour {rF+}
rNeg   . . .     Faith    .     (no shield)
rPois  .         Spirit   .     (helmet unavailable)
rElec  .         Reflect  .     (no cloak)
rCorr  .         Harm     .     (no gloves)
MR     .....                    (no boots)
Stlth  +.........               v - amulet of the gourmand
                                (no ring)
                                (no ring)

@: no status effects
A: permanent stasis, dig shafts and tunnels, four strong arms, antennae 3
a: Dig, Shaft Self, Depart the Abyss, Bend Space, Banish, Renounce Religion


You were on level 4 of the Dungeon.
You worshipped Lugonu.
Lugonu was most pleased with you.
You were not hungry.

You visited 1 branch of the dungeon, and saw 4 of its levels.
You visited the Abyss 1 time.

You collected 176 gold pieces.

Inventory:

Hand Weapons
 a - a +1 spear (weapon)
Armour
 u - a +1 leather armour of fire resistance (worn)
Jewellery
 b - an uncursed ring of protection from cold {unknown}
 v - an amulet of the gourmand (around neck)
Wands
 f - a wand of random effects (40/48)
Scrolls
 e - a scroll of amnesia {unknown}
 g - a scroll of fog {unknown}
 h - 2 scrolls of remove curse {unknown}
 i - a scroll of identify {unknown}
 j - a scroll of teleportation {unknown}
 k - a scroll of noise {unknown}
 q - 2 scrolls of enchant weapon {unknown}
 r - a scroll of blinking {unknown}
Potions
 l - 2 potions of curing {unknown}
 m - 3 potions of mutation {unknown}
 n - a potion of agility {unknown}
 o - a potion of degeneration {unknown}
 p - a potion of might
 s - a potion of flight {unknown}
Comestibles
 c - 2 bread rations
 d - 2 beef jerkies
 t - 3 meat rations


   Skills:
 - Level 3.2 Fighting
 + Level 5.5 Polearms
 - Level 2.1 Armour
 - Level 0.8 Dodging
 + Level 5.3 Invocations


You had 6 spell levels left.
You didn't know any spells.

Dungeon Overview and Level Annotations

Branches:
Dungeon (4/15)
 Temple: D:4-7

Altars:
Cheibriados
Dithmenos
Okawaru
Sif Muna
Yredelemnul
The Shining One


Innate Abilities, Weirdness & Mutations

You are under a permanent stasis effect.
You can dig through walls and to a lower floor.
Your four strong arms can wield two-handed weapons with a shield.
You have a pair of large antennae on your head. (SInv)


Message History

* * * LOW HITPOINT WARNING * * *
You are too injured to fight recklessly!
You are too injured to fight recklessly!
You are too injured to fight recklessly!
Found 14 gold pieces.
You are too injured to fight recklessly!
You are too injured to fight recklessly!
You are too injured to fight recklessly!
Attack whom?
Press: ? - help, Dir - move target cursor, f/p - ogre
Aim: an ogre, wielding a giant spiked club (moderately wounded)
You reach to attack!
You hit the ogre but do no damage.
The ogre is moderately wounded.
Attack whom?
Press: ? - help, Dir - move target cursor, f/p - ogre
Aim: an ogre, wielding a giant spiked club (moderately wounded)
You hit the ogre.
The ogre is heavily wounded.
The ogre hits you with a giant spiked club!
You die...

#.. #.# #.# #.# #.#
#######.######
#.............
##########.#######.##
#$..@O.........# .#
##.####.....##.###.#
# #.....+......#
#.....##..#..#
########.....#
#.....#. #..<....
#...##.##.
#..........


You could see an ogre.

Vanquished Creatures
  An orc priest (D:3)
  2 hounds
  An orc wizard (D:3)
  Jessica (D:3)
  Ijyb (D:3)
  4 gnolls (D:3)
  4 adders
  2 oozes (D:3)
  4 worms
  4 dart slugs
  7 leopard geckos
  3 orcs (D:3)
  A ball python (D:1)
  A giant cockroach (D:2)
  11 goblins
  13 hobgoblins
  4 jackals
  12 kobolds
  7 bats
  4 frilled lizards
  5 rats
92 creatures vanquished.

Notes
Turn   | Place    | Note
-------+----------+-------------------------------------------
     0 | Abyss:1  | miragecloak the Formicid Abyssal Knight began the quest for the Orb.
     0 | Abyss:1  | Reached XP level 1. HP: 18/18 MP: 2/2
     0 | D:1      | Escaped the Abyss
    22 | D:1      | Reached * piety under Lugonu
    39 | D:1      | Reached XP level 2. HP: 23/24 MP: 3/3
   419 | D:1      | Reached XP level 3. HP: 29/29 MP: 4/4
   823 | D:2      | Reached ** piety under Lugonu
  1065 | D:2      | Found a basalt altar of Yredelemnul.
  1137 | D:2      | Reached XP level 4. HP: 35/35 MP: 5/5
  2004 | D:3      | Found a shadowy altar of Dithmenos.
  2095 | D:3      | Noticed Ijyb
  2129 | D:3      | Killed Ijyb
  2129 | D:3      | Reached XP level 5. HP: 18/41 MP: 6/6
  2326 | D:3      | Reached skill level 5 in Polearms
  2517 | D:3      | Noticed Jessica
  2550 | D:3      | Killed Jessica
  3338 | D:3      | Reached XP level 6. HP: 40/47 MP: 8/8
  3486 | D:3      | Found a deep blue altar of Sif Muna.
  3547 | D:3      | Found a snail-covered altar of Cheibriados.
  3974 | D:3      | Found a glowing golden altar of the Shining One.
  3975 | D:3      | Found an iron altar of Okawaru.
  4052 | D:3      | Reached skill level 5 in Invocations
  4405 | D:4      | Noticed an ogre
  4468 | D:3      | Reached *** piety under Lugonu
  4892 | D:4      | Reached XP level 7. HP: 40/52 MP: 9/11
  4922 | D:4      | Slain by an ogre

Skill      XL: |  1  2  3  4  5  6 |
---------------+-------------------+-----
Polearms       | 3 4 5 |  5.5
Invocations    | 3 5 |  5.3
Fighting       | |  3.2
Armour         | |  2.1
Dodging        | |  0.8

Action                   |  1- 3 |  4- 6 |  7- 9 || total
-------------------------+-------+-------+-------++-------
Melee: Spear             |    91 |   383 |     5 ||   479
Invok: Depart the Abyss  |     1 |       |       ||     1
 Stab: Sleeping          |     3 |     1 |       ||     4
  Eat: Chunk             |     1 |    18 |       ||    19
Armor: Leather armour    |     2 |    46 |       ||    48
       Robe              |     6 |     5 |       ||    11
Dodge: Dodged            |    33 |   152 |       ||   185
